[ PARTIDA AOE2 · #469901899 ]
UnrankedLituanos vs Tupi
[ ANÁLISIS DE REPETICIÓN · EXTRAÍDO DE LA PARTIDA GRABADA ]
Feudal
11:52
Castillos
15:39
Imperial
—
| APM promedio | 43.6 |
| APM pico | 67 |
| eAPM promedio | 19.2 |
| Aldeanos / militares | 38 / 5 |
Foco
⚔️ 34.6% · 🌾 65.4%
Fishing Ship ×9 · Unknown (2626) ×7 · Fire Galley ×4 · Monk ×1
Feudal
12:46
Castillos
16:41
Imperial
—
| APM promedio | 42.1 |
| APM pico | 72 |
| eAPM promedio | 20.2 |
| Aldeanos / militares | 32 / 0 |
Foco
⚔️ 21.0% · 🌾 79.0%
Fishing Ship ×6 · Unknown (2579) ×3 · Unknown (2626) ×2
Feudal
13:00
Castillos
16:55
Imperial
—
| APM promedio | 35.3 |
| APM pico | 61 |
| eAPM promedio | 12.1 |
| Aldeanos / militares | 38 / 5 |
Foco
⚔️ 17.3% · 🌾 82.7%
Fishing Ship ×9 · Knight ×5
Feudal
13:17
Castillos
17:12
Imperial
—
| APM promedio | 39.4 |
| APM pico | 62 |
| eAPM promedio | 20.4 |
| Aldeanos / militares | 31 / 4 |
Foco
⚔️ 30.5% · 🌾 69.5%
Fishing Ship ×9 · Hussite Wagon ×3 · Demolition Raft ×1
Feudal
12:16
Castillos
—
Imperial
—
| APM promedio | 32.8 |
| APM pico | 63 |
| eAPM promedio | 17.6 |
| Aldeanos / militares | 32 / 24 |
Foco
⚔️ 39.7% · 🌾 60.3%
Archer ×23 · Fishing Ship ×6 · Skirmisher ×1 · Unknown (2626) ×1
Feudal
13:39
Castillos
17:09
Imperial
—
| APM promedio | 36.9 |
| APM pico | 66 |
| eAPM promedio | 16.5 |
| Aldeanos / militares | 30 / 14 |
Foco
⚔️ 35.5% · 🌾 64.5%
Archer ×14 · Fishing Ship ×7
Feudal
13:58
Castillos
18:18
Imperial
—
| APM promedio | 39.5 |
| APM pico | 79 |
| eAPM promedio | 21.1 |
| Aldeanos / militares | 54 / 1 |
Foco
⚔️ 32.7% · 🌾 67.3%
Fishing Ship ×10 · Unknown (2562) ×4 · Unknown (2626) ×4 · Transport Ship ×1
Feudal
14:54
Castillos
19:16
Imperial
—
| APM promedio | 29.6 |
| APM pico | 49 |
| eAPM promedio | 14.0 |
| Aldeanos / militares | 28 / 0 |
Foco
⚔️ 32.9% · 🌾 67.1%
Fishing Ship ×8
Mapa de la partida
Recursos iniciales + cada clic de construcción. Líneas = muros · curvas = relieve. ◆ oro · ⬟ piedra · ● bayas · ✦ reliquia · ◌ hueco del cierre
Tu base· Abierta — hueco de 9t
Base de Eddie29_1314· Abierta — flanco sin cerrar
Base de hanson013· Abierta — hueco de 4t
Base de 老年许愿· Abierta — hueco de 9t
Base de FUFU· Abierta — hueco de 10t
Base de Fireworks· Abierta — flanco sin cerrar
Base de Kevin10_7414· Abierta — flanco sin cerrar
Base de sadys· Abierta — hueco de 1t
Terreno inicial suavizado · ◌ = hueco del cierre detectado · pasá el cursor para detalles
Inputs por minuto
— Westbrook - - Eddie29_1314
Build order — Westbrook
91 acciones detectadas en el replay
| 0:02 | Construir | Town Center |
| 0:35 | Construir | Dock |
| 0:39 | Construir | House |
| 0:40 | Construir | Palisade Wall |
| 0:42 | Construir | Palisade Wall |
| 2:23 | Crear | Villager (Male) ×5 |
| 2:24 | Crear | Villager (Male) ×5 |
| 2:24 | Crear | Villager (Male) |
| 3:25 | Crear | Fishing Ship |
| 3:25 | Crear | Fishing Ship |
| 4:13 | Construir | House |
| 4:49 | Crear | Villager (Male) |
| 4:53 | Crear | Villager (Male) |
| 5:07 | Crear | Fishing Ship |
| 5:07 | Crear | Fishing Ship |
| 5:24 | Crear | Villager (Male) |
| 5:41 | Crear | Fishing Ship |
| 6:03 | Crear | Villager (Male) |
| 6:10 | Construir | House |
| 6:13 | Investigar | Loom |
| 6:33 | Crear | Villager (Male) |
| 6:42 | Crear | Villager (Male) |
| 6:52 | Crear | Fishing Ship |
| 7:13 | Crear | Villager (Male) |
| 7:25 | Crear | Fishing Ship |
| 7:35 | Construir | House |
| 7:45 | Crear | Villager (Male) |
| 8:07 | Crear | Fishing Ship |
| 8:09 | Crear | Villager (Male) |
| 8:43 | Construir | Mill |
| 8:45 | Crear | Villager (Male) |
| 8:53 | Crear | Fishing Ship |
| 9:01 | Construir | House |
| 9:04 | Crear | Villager (Male) |
| 9:34 | Investigar | Feudal Age |
| 10:14 | Construir | Mining Camp |
| 11:13 | Crear | Villager (Male) |
| 11:52 | Edad | Edad Feudal |
| 11:56 | Construir | Market |
| 11:58 | Construir | Blacksmith |
| 12:16 | Crear | Villager (Male) |
| 12:59 | Investigar | Castle Age |
| 13:26 | Construir | Lumber Camp |
| 13:58 | Construir | Dock |
| 14:06 | Investigar | Double-Bit Axe |
| 14:06 | Investigar | Double-Bit Axe |
| 14:26 | Crear | Unit 2626 |
| 14:52 | Crear | Unit 2626 |
| 14:59 | Crear | Villager (Male) |
| 15:15 | Construir | House |
| 15:20 | Crear | Unit 2626 |
| 15:23 | Construir | House |
| 15:39 | Edad | Edad de los Castillos |
| 15:42 | Crear | Fire Galley |
| 15:50 | Crear | Villager (Male) |
| 16:14 | Investigar | War Galley (upgrade) |
| 16:28 | Crear | Villager (Male) |
| 16:32 | Crear | Fire Galley |
| 16:46 | Crear | Villager (Male) |
| 16:48 | Crear | Fire Galley |
| 17:01 | Crear | Villager (Male) |
| 17:10 | Construir | House |
| 17:10 | Construir | House |
| 17:11 | Construir | House |
| 17:13 | Investigar | Town Watch |
| 17:19 | Construir | Palisade Gate |
| 17:24 | Crear | Villager (Male) |
| 17:29 | Construir | House |
| 17:32 | Construir | House |
| 17:37 | Crear | Villager (Male) |
| 17:42 | Construir | Stone Wall |
| 17:47 | Investigar | Bow Saw |
| 17:53 | Crear | Fire Galley |
| 17:59 | Crear | Unit 2626 |
| 18:12 | Crear | Villager (Male) |
| 18:28 | Construir | Monastery |
| 18:33 | Construir | Palisade Wall |
| 18:35 | Construir | Palisade Wall |
| 18:37 | Construir | Palisade Wall |
| 18:37 | Crear | Villager (Male) |
| 18:44 | Crear | Unit 2626 |
| 18:57 | Crear | Villager (Male) |
| 19:19 | Crear | Unit 2626 |
| 19:28 | Crear | Villager (Male) |
| 19:33 | Crear | Unit 2626 |
| 19:37 | Construir | House |
| 19:41 | Crear | Monk |
| 19:57 | Construir | Town Center |
| 20:08 | Crear | Villager (Male) |
| 20:16 | Crear | Villager (Male) |
| 20:21 | Crear | Villager (Male) |
Build order — Eddie29_1314
75 acciones detectadas en el replay
| 0:24 | Construir | Town Center |
| 2:03 | Construir | Dock |
| 2:07 | Construir | House |
| 2:09 | Construir | Palisade Wall |
| 2:41 | Crear | Villager (Male) |
| 2:41 | Crear | Villager (Male) |
| 2:42 | Crear | Villager (Male) |
| 2:42 | Crear | Villager (Male) |
| 3:20 | Crear | Fishing Ship |
| 4:21 | Crear | Villager (Male) |
| 4:24 | Construir | House |
| 4:44 | Crear | Villager (Male) |
| 4:44 | Crear | Villager (Male) |
| 5:07 | Crear | Villager (Male) |
| 5:09 | Crear | Fishing Ship |
| 5:27 | Crear | Villager (Male) |
| 5:28 | Crear | Villager (Male) |
| 5:42 | Construir | House |
| 5:51 | Crear | Villager (Male) |
| 6:14 | Crear | Villager (Male) |
| 6:39 | Crear | Villager (Male) |
| 6:49 | Crear | Fishing Ship |
| 7:04 | Crear | Villager (Male) |
| 7:15 | Crear | Fishing Ship |
| 7:25 | Crear | Villager (Male) |
| 7:26 | Crear | Villager (Male) |
| 7:28 | Construir | House |
| 7:53 | Crear | Villager (Male) |
| 8:14 | Crear | Villager (Male) |
| 8:32 | Construir | Settlement |
| 8:36 | Crear | Villager (Male) |
| 8:47 | Construir | House |
| 8:48 | Construir | Palisade Wall |
| 9:15 | Crear | Villager (Male) |
| 9:18 | Crear | Villager (Male) |
| 9:18 | Investigar | Loom |
| 10:15 | Investigar | Feudal Age |
| 10:53 | Construir | Settlement |
| 10:56 | Crear | Villager (Male) |
| 11:33 | Crear | Villager (Male) |
| 11:45 | Crear | Fishing Ship |
| 11:45 | Crear | Fishing Ship |
| 12:46 | Edad | Edad Feudal |
| 13:03 | Construir | Market |
| 13:06 | Construir | Blacksmith |
| 13:14 | Investigar | Town Watch |
| 14:01 | Investigar | Castle Age |
| 14:08 | Construir | Settlement |
| 14:45 | Investigar | Horse Collar |
| 14:47 | Investigar | Double-Bit Axe |
| 15:03 | Crear | Villager (Male) |
| 15:44 | Crear | Unit 2626 |
| 15:46 | Crear | Unit 2626 |
| 16:41 | Edad | Edad de los Castillos |
| 16:55 | Construir | Castle |
| 17:03 | Crear | Villager (Male) |
| 17:06 | Investigar | Bow Saw |
| 17:20 | Crear | Villager (Male) |
| 17:51 | Construir | Farm |
| 17:53 | Crear | Villager (Male) |
| 18:15 | Construir | Farm |
| 18:16 | Crear | Villager (Male) |
| 18:29 | Crear | Unit 2579 |
| 18:29 | Crear | Unit 2579 |
| 18:35 | Construir | Stone Wall |
| 18:41 | Construir | Farm |
| 18:48 | Crear | Villager (Male) |
| 18:58 | Construir | Farm |
| 18:59 | Construir | Farm |
| 19:01 | Crear | Villager (Male) |
| 19:23 | Crear | Unit 2579 |
| 19:36 | Crear | Villager (Male) |
| 19:36 | Crear | Villager (Male) |
| 19:53 | Investigar | Fletching |
| 19:54 | Investigar | Fletching |
Build order — hanson013
78 acciones detectadas en el replay
| 0:14 | Construir | Town Center |
| 0:32 | Construir | Dock |
| 0:34 | Construir | House |
| 2:47 | Crear | Villager (Male) ×4 |
| 3:35 | Crear | Fishing Ship |
| 4:06 | Crear | Villager (Male) |
| 4:06 | Crear | Villager (Male) |
| 4:16 | Construir | House |
| 4:57 | Crear | Villager (Male) |
| 5:13 | Crear | Fishing Ship |
| 5:21 | Crear | Villager (Male) |
| 5:40 | Crear | Villager (Male) |
| 5:40 | Crear | Villager (Male) |
| 5:46 | Construir | House |
| 6:05 | Crear | Villager (Male) |
| 6:05 | Crear | Villager (Male) |
| 6:05 | Crear | Villager (Male) |
| 6:24 | Crear | Villager (Male) |
| 6:33 | Crear | Fishing Ship |
| 6:59 | Investigar | Loom |
| 7:08 | Crear | Villager (Male) |
| 7:08 | Crear | Villager (Male) |
| 7:10 | Crear | Fishing Ship |
| 7:11 | Crear | Fishing Ship |
| 7:13 | Construir | House |
| 7:29 | Crear | Villager (Male) |
| 7:46 | Crear | Villager (Male) |
| 7:50 | Crear | Fishing Ship |
| 8:06 | Crear | Villager (Male) |
| 8:15 | Crear | Villager (Male) |
| 8:16 | Crear | Villager (Male) |
| 8:45 | Crear | Villager (Male) |
| 8:45 | Crear | Villager (Male) |
| 8:45 | Crear | Villager (Male) |
| 8:48 | Construir | House |
| 9:17 | Construir | Mill |
| 9:36 | Crear | Villager (Male) |
| 10:14 | Crear | Fishing Ship |
| 10:50 | Investigar | Feudal Age |
| 11:22 | Construir | Mining Camp |
| 11:42 | Crear | Villager (Male) |
| 11:43 | Crear | Villager (Male) |
| 13:00 | Edad | Edad Feudal |
| 13:03 | Construir | Blacksmith |
| 13:05 | Construir | Market |
| 13:39 | Construir | House |
| 14:15 | Investigar | Castle Age |
| 14:39 | Construir | House |
| 14:50 | Construir | Barracks |
| 15:14 | Investigar | Scale Barding Armor |
| 15:42 | Construir | Stable |
| 15:54 | Construir | House |
| 16:03 | Crear | Villager (Male) |
| 16:03 | Crear | Villager (Male) |
| 16:32 | Construir | Mill |
| 16:55 | Edad | Edad de los Castillos |
| 17:02 | Construir | Dock |
| 17:05 | Crear | Knight |
| 17:05 | Crear | Knight |
| 17:32 | Crear | Villager (Male) |
| 17:39 | Crear | Knight |
| 17:57 | Crear | Villager (Male) |
| 18:03 | Construir | House |
| 18:06 | Crear | Fishing Ship |
| 18:24 | Crear | Knight |
| 18:24 | Crear | Villager (Male) |
| 18:57 | Crear | Knight |
| 19:01 | Crear | Villager (Male) |
| 19:13 | Crear | Villager (Male) |
| 19:15 | Construir | Monastery |
| 19:35 | Construir | House |
| 19:36 | Crear | Fishing Ship |
| 19:37 | Crear | Villager (Male) |
| 19:42 | Crear | Villager (Male) |
| 19:48 | Crear | Villager (Male) |
| 19:52 | Crear | Villager (Male) |
| 19:54 | Construir | House |
| 20:11 | Investigar | Devotion |
Build order — 老年许愿
80 acciones detectadas en el replay
| 0:08 | Construir | Town Center |
| 0:55 | Construir | Dock |
| 0:58 | Construir | House |
| 2:29 | Crear | Villager (Male) |
| 2:29 | Crear | Villager (Male) |
| 2:29 | Crear | Villager (Male) |
| 2:29 | Crear | Villager (Male) |
| 3:27 | Crear | Fishing Ship |
| 4:01 | Crear | Villager (Male) |
| 4:12 | Construir | House |
| 4:31 | Crear | Villager (Male) |
| 4:31 | Crear | Villager (Male) |
| 4:58 | Crear | Villager (Male) |
| 5:14 | Crear | Villager (Male) |
| 5:27 | Crear | Fishing Ship |
| 5:41 | Crear | Villager (Male) |
| 5:41 | Crear | Villager (Male) |
| 6:03 | Crear | Fishing Ship |
| 6:05 | Crear | Villager (Male) |
| 6:08 | Construir | House |
| 6:18 | Investigar | Loom |
| 6:19 | Crear | Villager (Male) |
| 6:41 | Crear | Villager (Male) |
| 6:54 | Crear | Fishing Ship |
| 6:54 | Crear | Fishing Ship |
| 7:00 | Construir | Palisade Wall |
| 7:06 | Crear | Villager (Male) |
| 7:12 | Construir | House |
| 7:21 | Construir | House |
| 7:26 | Crear | Villager (Male) |
| 7:34 | Crear | Fishing Ship |
| 8:08 | Crear | Fishing Ship |
| 8:14 | Crear | Villager (Male) |
| 8:14 | Crear | Villager (Male) |
| 8:14 | Crear | Villager (Male) |
| 8:29 | Construir | House |
| 8:34 | Crear | Villager (Male) |
| 8:39 | Crear | Villager (Male) |
| 8:59 | Crear | Fishing Ship |
| 9:19 | Crear | Villager (Male) |
| 9:35 | Crear | Villager (Male) |
| 9:38 | Construir | House |
| 9:48 | Crear | Villager (Male) |
| 9:58 | Crear | Fishing Ship |
| 9:59 | Crear | Villager (Male) |
| 10:12 | Construir | Mining Camp |
| 10:49 | Construir | Lumber Camp |
| 10:59 | Construir | House |
| 11:03 | Investigar | Feudal Age |
| 11:12 | Construir | Mining Camp |
| 11:47 | Construir | Mill |
| 13:17 | Edad | Edad Feudal |
| 13:18 | Construir | Market |
| 13:19 | Crear | Villager (Male) |
| 13:19 | Crear | Villager (Male) |
| 13:22 | Construir | Blacksmith |
| 13:35 | Construir | Watch Tower |
| 13:44 | Construir | House |
| 13:57 | Construir | Lumber Camp |
| 14:32 | Investigar | Castle Age |
| 14:32 | Investigar | Castle Age |
| 14:47 | Construir | Palisade Gate |
| 15:19 | Investigar | Double-Bit Axe |
| 15:19 | Investigar | Double-Bit Axe |
| 15:28 | Crear | Demolition Raft |
| 15:32 | Construir | House |
| 16:00 | Construir | Outpost |
| 16:02 | Investigar | Tech 906 |
| 16:23 | Investigar | Tech 906 |
| 16:41 | Crear | Villager (Male) |
| 17:12 | Edad | Edad de los Castillos |
| 17:15 | Construir | Castle |
| 17:18 | Crear | Villager (Male) |
| 17:22 | Construir | Monastery |
| 17:35 | Construir | Dock |
| 18:17 | Crear | Hussite Wagon |
| 18:29 | Crear | Villager (Male) |
| 18:29 | Crear | Villager (Male) |
| 19:01 | Crear | Hussite Wagon |
| 20:21 | Crear | Hussite Wagon |
Build order — FUFU
90 acciones detectadas en el replay
| 0:19 | Construir | Town Center |
| 0:52 | Construir | Dock |
| 0:54 | Construir | House |
| 2:41 | Investigar | Loom |
| 2:41 | Crear | Villager (Male) |
| 2:41 | Crear | Villager (Male) |
| 2:42 | Crear | Villager (Male) |
| 2:42 | Crear | Villager (Male) |
| 2:42 | Crear | Villager (Male) |
| 4:00 | Crear | Villager (Male) |
| 4:14 | Crear | Fishing Ship |
| 4:51 | Crear | Villager (Male) |
| 5:18 | Construir | House |
| 5:22 | Crear | Villager (Male) |
| 5:52 | Construir | House |
| 5:54 | Crear | Villager (Male) |
| 5:56 | Crear | Villager (Male) |
| 6:20 | Crear | Villager (Male) |
| 6:49 | Crear | Fishing Ship |
| 7:11 | Construir | House |
| 7:14 | Crear | Fishing Ship |
| 7:24 | Crear | Villager (Male) |
| 7:24 | Crear | Villager (Male) |
| 7:48 | Crear | Fishing Ship |
| 8:06 | Crear | Fishing Ship |
| 8:15 | Construir | House |
| 8:19 | Crear | Villager (Male) |
| 8:19 | Crear | Villager (Male) |
| 8:34 | Crear | Villager (Male) |
| 8:39 | Construir | Mill |
| 9:02 | Crear | Villager (Male) |
| 9:11 | Crear | Fishing Ship |
| 9:27 | Crear | Villager (Male) |
| 10:06 | Investigar | Feudal Age |
| 10:44 | Construir | Mining Camp |
| 11:16 | Construir | Barracks |
| 11:18 | Crear | Villager (Male) |
| 12:16 | Edad | Edad Feudal |
| 12:19 | Construir | Archery Range |
| 12:27 | Crear | Unit 2626 |
| 12:35 | Crear | Villager (Male) |
| 12:36 | Crear | Villager (Male) |
| 13:01 | Construir | Blacksmith |
| 13:03 | Construir | House |
| 13:08 | Crear | Archer |
| 13:12 | Crear | Villager (Male) |
| 13:13 | Crear | Villager (Male) |
| 13:27 | Crear | Villager (Male) |
| 13:42 | Crear | Archer |
| 13:42 | Crear | Archer |
| 13:43 | Crear | Archer |
| 13:58 | Crear | Villager (Male) |
| 14:12 | Construir | Archery Range |
| 14:12 | Crear | Villager (Male) |
| 14:23 | Investigar | Fletching |
| 14:30 | Crear | Archer |
| 14:30 | Crear | Villager (Male) |
| 14:35 | Construir | House |
| 14:36 | Construir | House |
| 14:42 | Crear | Archer |
| 15:09 | Crear | Archer |
| 15:10 | Crear | Villager (Male) |
| 15:14 | Construir | House |
| 15:19 | Crear | Archer |
| 15:31 | Construir | Lumber Camp |
| 15:35 | Crear | Archer |
| 15:39 | Investigar | Padded Archer Armor |
| 15:44 | Crear | Archer |
| 15:57 | Crear | Archer |
| 15:58 | Crear | Archer |
| 16:06 | Crear | Villager (Male) |
| 16:06 | Crear | Villager (Male) |
| 16:12 | Crear | Archer |
| 16:27 | Crear | Archer |
| 16:27 | Crear | Archer |
| 16:50 | Crear | Archer |
| 16:50 | Crear | Archer |
| 16:57 | Crear | Villager (Male) |
| 16:59 | Crear | Archer |
| 17:07 | Construir | Watch Tower |
| 17:12 | Construir | Mining Camp |
| 17:13 | Crear | Skirmisher |
| 17:16 | Crear | Archer |
| 17:16 | Crear | Archer |
| 17:27 | Construir | Watch Tower |
| 18:26 | Crear | Archer |
| 18:27 | Crear | Archer |
| 18:30 | Crear | Villager (Male) |
| 18:53 | Construir | Market |
| 19:22 | Crear | Archer |
Build order — Fireworks
87 acciones detectadas en el replay
| 0:12 | Construir | Dock |
| 0:19 | Construir | Town Center |
| 1:05 | Construir | House |
| 2:46 | Crear | Villager (Male) |
| 2:47 | Crear | Villager (Male) |
| 2:47 | Crear | Villager (Male) |
| 2:47 | Crear | Villager (Male) |
| 3:47 | Crear | Villager (Male) |
| 3:50 | Crear | Fishing Ship |
| 4:35 | Construir | House |
| 4:48 | Crear | Villager (Male) |
| 5:19 | Crear | Villager (Male) |
| 5:31 | Crear | Fishing Ship |
| 5:47 | Crear | Villager (Male) |
| 6:09 | Crear | Villager (Male) |
| 6:21 | Construir | House |
| 6:30 | Crear | Villager (Male) |
| 6:31 | Crear | Fishing Ship |
| 6:55 | Crear | Villager (Male) |
| 6:56 | Crear | Fishing Ship |
| 7:43 | Crear | Villager (Male) |
| 7:47 | Crear | Villager (Male) |
| 7:52 | Construir | House |
| 7:54 | Crear | Villager (Male) |
| 7:55 | Crear | Fishing Ship |
| 8:50 | Crear | Fishing Ship |
| 8:51 | Crear | Villager (Male) |
| 8:54 | Construir | House |
| 9:05 | Construir | House |
| 9:08 | Crear | Villager (Male) |
| 9:11 | Construir | House |
| 9:21 | Crear | Villager (Male) |
| 9:31 | Crear | Fishing Ship |
| 9:37 | Construir | House |
| 9:49 | Construir | House |
| 9:54 | Construir | House |
| 10:32 | Crear | Villager (Male) |
| 10:34 | Construir | House |
| 10:38 | Construir | House |
| 10:52 | Construir | House |
| 11:02 | Crear | Villager (Male) |
| 11:05 | Construir | Lumber Camp |
| 11:29 | Investigar | Feudal Age |
| 12:37 | Construir | Barracks |
| 13:12 | Crear | Villager (Male) |
| 13:13 | Crear | Villager (Male) |
| 13:39 | Edad | Edad Feudal |
| 13:40 | Construir | Archery Range |
| 13:45 | Construir | Blacksmith |
| 13:52 | Investigar | Double-Bit Axe |
| 14:28 | Investigar | Castle Age |
| 14:55 | Construir | Archery Range |
| 14:59 | Crear | Archer |
| 14:59 | Crear | Archer |
| 15:06 | Construir | House |
| 15:07 | Construir | House |
| 15:28 | Crear | Archer |
| 15:30 | Crear | Villager (Male) |
| 15:39 | Investigar | Fletching |
| 15:53 | Construir | Palisade Wall |
| 15:59 | Crear | Archer |
| 16:34 | Crear | Archer |
| 17:05 | Construir | Lumber Camp |
| 17:09 | Edad | Edad de los Castillos |
| 17:11 | Investigar | Crossbowman (upgrade) |
| 17:13 | Crear | Archer |
| 17:13 | Crear | Archer |
| 17:13 | Crear | Villager (Male) |
| 17:23 | Crear | Villager (Male) |
| 17:29 | Crear | Archer |
| 17:43 | Construir | University |
| 17:57 | Crear | Archer |
| 17:59 | Crear | Archer |
| 18:01 | Crear | Villager (Male) |
| 18:05 | Crear | Villager (Male) |
| 18:32 | Crear | Archer |
| 18:38 | Construir | House |
| 18:38 | Construir | House |
| 18:48 | Crear | Archer |
| 19:05 | Crear | Archer |
| 19:06 | Crear | Villager (Male) |
| 19:33 | Crear | Villager (Male) |
| 19:40 | Investigar | Ballistics |
| 19:54 | Crear | Villager (Male) |
| 19:59 | Crear | Archer |
| 20:03 | Investigar | Loom |
| 20:11 | Crear | Villager (Male) |
Build order — Kevin10_7414
109 acciones detectadas en el replay
| 0:11 | Construir | Town Center |
| 0:27 | Construir | House |
| 0:28 | Construir | Palisade Wall |
| 0:31 | Construir | Palisade Wall |
| 0:40 | Construir | Dock |
| 2:37 | Crear | Villager (Male) |
| 2:38 | Crear | Villager (Male) |
| 2:38 | Crear | Villager (Male) |
| 2:38 | Crear | Villager (Male) |
| 2:38 | Crear | Villager (Male) |
| 2:38 | Crear | Villager (Male) |
| 3:37 | Crear | Villager (Male) |
| 3:37 | Crear | Villager (Male) |
| 4:02 | Crear | Fishing Ship |
| 4:02 | Crear | Fishing Ship |
| 4:18 | Construir | House |
| 4:39 | Crear | Villager (Male) |
| 4:39 | Crear | Villager (Male) |
| 4:39 | Crear | Villager (Male) |
| 4:47 | Crear | Fishing Ship |
| 4:55 | Construir | House |
| 4:59 | Crear | Villager (Male) |
| 4:59 | Crear | Villager (Male) |
| 4:59 | Crear | Villager (Male) |
| 5:03 | Investigar | Loom |
| 5:03 | Investigar | Loom |
| 5:12 | Crear | Villager (Male) |
| 5:12 | Crear | Villager (Male) |
| 5:21 | Crear | Villager (Male) |
| 5:21 | Crear | Villager (Male) |
| 5:36 | Crear | Villager (Male) |
| 5:36 | Crear | Villager (Male) |
| 6:05 | Crear | Villager (Male) |
| 6:05 | Crear | Villager (Male) |
| 6:06 | Crear | Villager (Male) |
| 6:06 | Crear | Villager (Male) |
| 6:31 | Construir | House |
| 6:33 | Crear | Fishing Ship |
| 6:36 | Crear | Villager (Male) |
| 6:36 | Crear | Villager (Male) |
| 6:50 | Crear | Villager (Male) |
| 6:50 | Crear | Villager (Male) |
| 6:50 | Crear | Villager (Male) |
| 7:01 | Construir | House |
| 7:06 | Construir | Palisade Wall |
| 7:11 | Crear | Villager (Male) |
| 7:39 | Crear | Fishing Ship |
| 7:40 | Crear | Villager (Male) |
| 7:41 | Crear | Villager (Male) |
| 8:02 | Construir | Palisade Wall |
| 8:04 | Construir | Palisade Wall |
| 8:05 | Crear | Villager (Male) |
| 8:05 | Crear | Villager (Male) |
| 8:24 | Crear | Villager (Male) |
| 8:26 | Crear | Fishing Ship |
| 8:50 | Construir | Palisade Wall |
| 8:52 | Construir | House |
| 8:54 | Construir | Palisade Wall |
| 8:55 | Construir | Palisade Wall |
| 8:57 | Crear | Villager (Male) |
| 8:57 | Crear | Villager (Male) |
| 9:02 | Crear | Fishing Ship |
| 9:07 | Crear | Villager (Male) |
| 9:34 | Crear | Villager (Male) |
| 9:35 | Crear | Fishing Ship |
| 9:52 | Crear | Villager (Male) |
| 10:04 | Construir | Outpost |
| 10:09 | Crear | Villager (Male) |
| 10:25 | Construir | Settlement |
| 10:28 | Crear | Villager (Male) |
| 10:34 | Construir | House |
| 10:40 | Crear | Fishing Ship |
| 11:20 | Crear | Villager (Male) |
| 11:24 | Crear | Fishing Ship |
| 11:42 | Investigar | Feudal Age |
| 11:51 | Construir | Dock |
| 12:13 | Crear | Villager (Male) |
| 12:16 | Construir | Settlement |
| 12:48 | Construir | House |
| 12:50 | Crear | Villager (Male) |
| 13:09 | Crear | Villager (Male) |
| 13:27 | Crear | Villager (Male) |
| 13:43 | Crear | Villager (Male) |
| 13:50 | Crear | Villager (Male) |
| 13:58 | Edad | Edad Feudal |
| 13:59 | Construir | Blacksmith |
| 14:00 | Crear | Villager (Male) |
| 14:01 | Crear | Unit 2626 |
| 14:01 | Crear | Unit 2626 |
| 14:02 | Construir | Market |
| 14:24 | Investigar | Town Watch |
| 15:38 | Investigar | Castle Age |
| 15:51 | Crear | Unit 2626 |
| 15:51 | Crear | Unit 2626 |
| 16:14 | Crear | Villager (Male) |
| 17:13 | Investigar | Fletching |
| 17:14 | Crear | Villager (Male) |
| 18:18 | Edad | Edad de los Castillos |
| 18:30 | Construir | Castle |
| 18:32 | Investigar | Bodkin Arrow |
| 18:40 | Investigar | War Galley (upgrade) |
| 18:40 | Investigar | War Galley (upgrade) |
| 19:08 | Crear | Transport Ship |
| 19:14 | Crear | Villager (Male) |
| 19:15 | Crear | Villager (Male) |
| 19:20 | Crear | Unit 2562 |
| 19:20 | Crear | Unit 2562 |
| 19:20 | Crear | Unit 2562 |
| 19:21 | Crear | Unit 2562 |
Build order — sadys
73 acciones detectadas en el replay
| 0:16 | Construir | Town Center |
| 1:07 | Construir | Dock |
| 1:13 | Construir | House |
| 2:40 | Crear | Villager (Male) |
| 2:40 | Crear | Villager (Male) |
| 2:40 | Crear | Villager (Male) |
| 2:41 | Crear | Villager (Male) |
| 2:41 | Crear | Villager (Male) |
| 3:43 | Crear | Fishing Ship |
| 4:11 | Crear | Villager (Male) |
| 4:27 | Construir | House |
| 4:41 | Investigar | Loom |
| 4:45 | Crear | Fishing Ship |
| 5:16 | Construir | House |
| 5:31 | Crear | Villager (Male) |
| 6:00 | Crear | Fishing Ship |
| 6:02 | Crear | Villager (Male) |
| 6:02 | Crear | Villager (Male) |
| 6:28 | Crear | Villager (Male) |
| 6:51 | Crear | Fishing Ship |
| 6:53 | Crear | Villager (Male) |
| 7:06 | Construir | House |
| 7:14 | Crear | Villager (Male) |
| 7:25 | Crear | Villager (Male) |
| 8:03 | Crear | Villager (Male) |
| 8:12 | Crear | Villager (Male) |
| 8:30 | Construir | House |
| 8:36 | Crear | Fishing Ship |
| 9:04 | Crear | Villager (Male) |
| 9:21 | Construir | Outpost |
| 9:22 | Crear | Villager (Male) |
| 9:27 | Crear | Villager (Male) |
| 9:29 | Crear | Fishing Ship |
| 9:41 | Crear | Villager (Male) |
| 10:17 | Crear | Villager (Male) |
| 10:34 | Construir | House |
| 11:00 | Crear | Villager (Male) |
| 11:05 | Construir | House |
| 11:28 | Crear | Villager (Male) |
| 11:47 | Construir | Palisade Wall |
| 12:09 | Construir | Mining Camp |
| 12:19 | Crear | Villager (Male) |
| 12:37 | Construir | Mining Camp |
| 12:41 | Investigar | Feudal Age |
| 12:41 | Investigar | Feudal Age |
| 13:51 | Construir | Barracks |
| 14:22 | Crear | Villager (Male) |
| 14:22 | Crear | Villager (Male) |
| 14:54 | Edad | Edad Feudal |
| 14:57 | Construir | Stable |
| 15:02 | Construir | Blacksmith |
| 15:07 | Investigar | Town Watch |
| 16:19 | Crear | Fishing Ship |
| 16:33 | Construir | Dock |
| 16:36 | Investigar | Castle Age |
| 16:37 | Investigar | Castle Age |
| 17:08 | Construir | Lumber Camp |
| 17:26 | Construir | Palisade Wall |
| 17:34 | Construir | Palisade Wall |
| 17:53 | Crear | Villager (Male) |
| 18:12 | Crear | Villager (Male) |
| 18:43 | Construir | Palisade Wall |
| 19:07 | Investigar | Double-Bit Axe |
| 19:07 | Investigar | Double-Bit Axe |
| 19:16 | Edad | Edad de los Castillos |
| 19:21 | Construir | Castle |
| 19:26 | Crear | Villager (Male) |
| 19:38 | Investigar | Tech 906 |
| 19:40 | Crear | Fishing Ship |
| 19:55 | Investigar | Bow Saw |
| 19:55 | Investigar | Bow Saw |
| 19:59 | Construir | House |
| 20:08 | Construir | House |
Cronología de la partida
| 0:12 | Fireworks · first_building Dock |
| 0:28 | Kevin10_7414 · wall_segment Palisade Wall x1 |
| 0:31 | Kevin10_7414 · wall_segment Palisade Wall x1 |
| 0:32 | hanson013 · first_building Dock |
| 0:35 | Westbrook · first_building Dock |
| 0:40 | Westbrook · wall_segment Palisade Wall x1 |
| 0:40 | Kevin10_7414 · first_building Dock |
| 0:42 | Westbrook · wall_segment Palisade Wall x1 |
| 0:52 | FUFU · first_building Dock |
| 0:55 | 老年许愿 · first_building Dock |
| 1:07 | sadys · first_building Dock |
| 2:03 | Eddie29_1314 · first_building Dock |
| 2:09 | Eddie29_1314 · wall_segment Palisade Wall x1 |
| 7:00 | 老年许愿 · wall_segment Palisade Wall x1 |
| 7:06 | Kevin10_7414 · wall_segment Palisade Wall x2 |
| 8:02 | Kevin10_7414 · wall_segment Palisade Wall x3 |
| 8:04 | Kevin10_7414 · wall_segment Palisade Wall x1 |
| 8:48 | Eddie29_1314 · wall_segment Palisade Wall x1 |
| 8:50 | Kevin10_7414 · wall_segment Palisade Wall x1 |
| 8:54 | Kevin10_7414 · wall_segment Palisade Wall x2 |
| 8:55 | Kevin10_7414 · wall_segment Palisade Wall x1 |
| 11:16 | FUFU · first_building Barracks |
| 11:47 | sadys · wall_segment Palisade Wall x3 |
| 11:52 | Westbrook · age_up feudal |
| 12:16 | FUFU · age_up feudal |
| 12:19 | FUFU · first_building Archery Range |
| 12:37 | Fireworks · first_building Barracks |
| 12:46 | Eddie29_1314 · age_up feudal |
| 13:00 | hanson013 · age_up feudal |
| 13:17 | 老年许愿 · age_up feudal |
| 13:39 | Fireworks · age_up feudal |
| 13:40 | Fireworks · first_building Archery Range |
| 13:51 | sadys · first_building Barracks |
| 13:58 | Kevin10_7414 · age_up feudal |
| 14:05 | hanson013 · first_market_sell 100 wood |
| 14:31 | 老年许愿 · first_market_sell 100 food |
| 14:50 | hanson013 · first_building Barracks |
| 14:54 | sadys · age_up feudal |
| 14:57 | sadys · first_building Stable |
| 15:39 | Westbrook · age_up castle |
| 15:42 | hanson013 · first_building Stable |
| 15:53 | Fireworks · wall_segment Palisade Wall x1 |
| 16:37 | Eddie29_1314 · first_market_buy 100 stone |
| 16:41 | Eddie29_1314 · age_up castle |
| 16:55 | Eddie29_1314 · first_building Castle |
| 16:55 | hanson013 · age_up castle |
| 16:59 | hanson013 · first_market_buy 100 wood |
| 17:09 | Fireworks · age_up castle |
| 17:12 | 老年许愿 · age_up castle |
| 17:15 | 老年许愿 · first_building Castle |
| 17:22 | 老年许愿 · first_building Monastery |
| 17:26 | sadys · wall_segment Palisade Wall x1 |
| 17:34 | sadys · wall_segment Palisade Wall x8 |
| 17:42 | Westbrook · wall_segment Stone Wall x7 |
| 18:15 | 老年许愿 · first_market_buy 100 wood |
| 18:18 | Kevin10_7414 · age_up castle |
| 18:28 | Westbrook · first_building Monastery |
| 18:30 | Kevin10_7414 · first_building Castle |
| 18:33 | Westbrook · wall_segment Palisade Wall x1 |
| 18:35 | Eddie29_1314 · wall_segment Stone Wall x14 |
| 18:35 | Westbrook · wall_segment Palisade Wall x1 |
| 18:37 | Westbrook · wall_segment Palisade Wall x1 |
| 18:43 | sadys · wall_segment Palisade Wall x1 |
| 19:15 | hanson013 · first_building Monastery |
| 19:16 | sadys · age_up castle |
| 19:19 | Kevin10_7414 · first_market_sell 100 wood |
| 19:21 | sadys · first_building Castle |
| 19:31 | FUFU · first_market_buy 100 wood |
| 19:34 | FUFU · first_market_sell 500 food |
| 20:12 | Kevin10_7414 · resign |
[ ANÁLISIS IA · 1 CRÉDITO ]
¿Qué pasó realmente en esta partida?
Wolo.gg analiza cada decisión: build order, eco, micro, errores típicos por bracket. Análisis personalizado por WhatsApp o Discord en 30 segundos.
Guía civ
Lituanos
Perfil
Jugador #209753